Map: Pillars of Gold LE

Players

Zaechus - Winner!

  • Race: Protoss Protoss
  • League: Diamond
  • Spawn Location: 7:00

MrTingly

  • Race: Zerg Zerg
  • League: Diamond
  • Spawn Location: 1:00

VOD

Have the link to the VOD?

Description

Time

  • Played on: Aug. 4, 2020, 6:41 p.m.
  • Length: 10:36
Show
View Real Time Build Order
Export as new Build Order

Zaechus Protoss - Winner!

Build Orders: 1 Gate Expand, Chargelot Immortal 

Get SALT Encoding   

  12  0:00  Probe  
  13  0:12  Probe  
  14  0:20  Pylon  
  14  0:24  Probe  
  15  0:38  Gateway  
  15  0:39  Probe (Chrono Boost)  
  16  0:45  Assimilator  
  16  0:49  Probe (Chrono Boost)  
  17  0:56  Probe  
  18  1:08  Probe  
  19  1:20  Probe  
  20  1:29  Nexus  
  20  1:42  Cybernetics Core  
  20  1:43  Probe  
  21  1:52  Assimilator  
  21  1:55  Probe  
  21  1:59  Pylon  
  22  2:07  Probe  
  23  2:15  Stalker (Chrono Boost), Probe  
  23  2:20  Warp Gate  
  26  2:23  Probe  
  27  2:35  Twilight Council  
  27  2:36  Probe  
  28  2:41  Adept  
  30  2:44  Probe  
  30  2:51  Probe  
  32  2:56  Probe  
  33  3:04  Probe  
  33  3:05  Gateway  
  34  3:10  Resonating Glaives (Chrono Boost), Gateway  
  34  3:19  Adept  
  36  3:22  Probe  
  36  3:25  Probe  
  38  3:34  Shield Battery  
  38  3:36  Probe  
  38  3:37  Probe  
  40  3:43  Pylon  
  40  3:45  Pylon  
  40  3:48  Probe  
  41  3:49  Probe  
  42  4:00  Probe  
  42  4:01  Probe  
  44  4:10  Adept x2  
  44  4:11  Adept  
  50  4:18  Probe x2  
  52  4:31  Nexus  
  52  4:32  Probe x2  
  54  4:41  Stargate  
  54  4:44  Probe x2  
  56  4:57  Probe x2  
  56  5:06  Stargate  
  56  5:07  Assimilator  
  56  5:09  Probe x2  
  56  5:11  Assimilator  
  52  5:21  Probe x2  
  52  5:27  Void Ray  
  52  5:28  Zealot x2  
  58  5:29  Zealot  
  58  5:32  Charge  
  62  5:37  Robotics Facility  
  62  5:43  Probe x2  
  62  5:46  Protoss Air Weapons Level 1 (Chrono Boost)  
  64  5:54  Pylon  
  64  5:56  Probe (Chrono Boost)  
  67  5:57  Probe x2 (Chrono Boost)  
  67  5:59  Pylon  
  67  6:03  Pylon  
  52  6:04  Phoenix  
  67  6:07  Probe x3 (Chrono Boost)  
  67  6:08  Sentry  
  67  6:09  Phoenix  
  76  6:15  Probe x2  
  76  6:17  Probe  
  79  6:21  Gateway  
  79  6:22  Gateway  
  79  6:25  Gateway, Stalker x2  
  83  6:34  Pylon  
  83  6:40  Phoenix x2  
  83  6:43  Immortal  
  91  6:48  Assimilator, Probe x3  
  91  6:52  Assimilator  
  94  7:00  Probe x2  
  96  7:01  Sentry x2  
  96  7:02  Zealot  
  96  7:05  Probe  
  103  7:12  Pylon, Probe x2  
  103  7:14  Phoenix x2, Pylon  
  109  7:30  Probe x3  
  109  7:31  Immortal  
  109  7:35  Nexus  
  116  7:39  Pylon  
  116  7:43  Pylon, Probe x3  
  119  7:45  Phoenix  
  121  7:53  Phoenix  
  121  7:55  Probe x2  
  125  8:05  Gateway  
  125  8:07  Gateway  
  125  8:10  Gateway, Immortal  
  125  8:12  Pylon  
  129  8:23  Probe x3  
  129  8:26  Assimilator  
  132  8:30  Assimilator, Pylon  
  132  8:33  Zealot x2  
  132  8:34  Zealot x2  
  138  8:39  Sentry  
  138  8:40  Sentry  
  144  8:47  Templar Archives  
  144  8:49  Immortal  
  144  8:51  Fleet Beacon  
  144  8:54  Forge  
  148  9:02  Zealot x2  
  150  9:03  Zealot x4  
  160  9:10  Pylon  
  160  9:14  Pylon  
  160  9:28  Observer  
  161  9:51  Zealot x7  
  161  9:52  Zealot x2  
  177  10:20  High Templar x4  
  177  10:21  High Templar  
  187  10:26  Pylon  
  187  10:28  Pylon  
  187  10:33  Stargate  
  187  10:35  Stargate  
Show
View Real Time Build Order
Export as new Build Order

MrTingly Zerg 

Build Orders: Hatch First 

Get SALT Encoding   

  12  0:03  Drone  
  13  0:11  Drone  
  14  0:17  Overlord  
  14  0:39  Drone x3  
  17  0:57  Hatchery  
  17  1:00  Drone  
  17  1:09  Drone  
  18  1:13  Extractor  
  17  1:24  Spawning Pool  
  16  1:26  Drone x2  
  18  1:38  Drone  
  19  1:44  Overlord  
  19  2:09  Drone x2  
  19  2:12  Drone  
  19  2:14  Queen  
  19  2:15  Queen  
  26  2:16  Metabolic Boost  
  26  2:27  Drone x3  
  29  2:49  Overlord x2  
  29  2:52  Drone  
  29  2:53  Drone x2  
  32  3:08  Lair  
  32  3:16  Drone  
  32  3:17  Drone x3  
  36  3:39  Baneling Nest  
  36  3:41  Zergling x16  
  43  3:51  Drone  
  44  3:56  Hatchery  
  44  3:57  Drone  
  44  3:58  Overlord  
  44  4:02  Overlord  
  43  4:32  Drone x3  
  43  4:36  Drone  
  47  4:43  Zergling x2  
  47  4:44  Zergling x8  
  46  5:00  Zergling x2  
  46  5:04  Queen  
  39  5:14  Drone x2  
  33  5:24  Drone  
  33  5:25  Drone x7  
  33  5:26  Queen  
  33  5:28  Queen  
  44  5:36  Drone x2  
  46  5:49  Drone  
  48  5:50  Drone x4  
  51  6:23  Spire  
  51  6:25  Drone  
  51  6:26  Drone x7, Extractor  
  51  6:29  Drone  
  51  6:30  Drone x2  
  60  6:38  Drone  
  60  6:39  Drone x3  
  65  6:40  Drone x2  
  66  7:09  Extractor x2  
  66  7:15  Extractor  
  63  7:16  Drone, Extractor  
  63  7:17  Drone x3  
  65  7:46  Hatchery  
  64  8:01  Overlord  
  64  8:02  Overlord x4  
  64  8:03  Overlord x3  
  64  8:06  Overlord x5  
  64  8:07  Overlord x3  
  64  8:32  Mutalisk  
  64  8:33  Mutalisk x7  
  80  8:42  Drone x5  
  85  8:56  Drone  
  85  8:57  Drone x9  
  95  9:10  Mutalisk x5  
  103  9:28  Corruptor  
  103  9:29  Corruptor  
  100  9:36  Corruptor  
  91  9:38  Mutalisk  
  91  9:41  Drone x13  
  97  9:55  Corruptor  
  97  9:56  Corruptor x2  
  90  10:15  Spore Crawler  
  90  10:17  Spore Crawler  
  90  10:19  Spore Crawler  
  81  10:21  Spore Crawler  
  81  10:28  Spore Crawler  
  61  10:29  Spore Crawler  
Tags
 
Add a new tag
Caveats
  • Supply blocks, unpowered buildings, or Contaminate may cause inaccurate times.
  • Supply counts are checked every 10 seconds.